Map: Prion Terraces

Players

desRow - Winner!

  • Race: Protoss Protoss

Armax

  • Race: Zerg Zerg

Event: NationWars III

VOD

Have the link to the VOD?

Description

Time

  • Played on: Nov. 20, 2015, 12:52 p.m.
  • Length: 6:50

All games in this series

Show
View Real Time Build Order
Export as new Build Order

desRow Protoss - Winner!

Build Orders: 1 Gate Expand 

Get SALT Encoding   

  12  0:01  Probe (Chrono Boost)  
  13  0:11  Probe (Chrono Boost)  
  14  0:19  Pylon  
  14  0:22  Probe (Chrono Boost)  
  15  0:37  Probe (Chrono Boost)  
  16  0:44  Gateway  
  16  0:48  Probe (Chrono Boost)  
  17  0:58  Probe (Chrono Boost)  
  18  1:09  Probe (Chrono Boost)  
  19  1:14  Nexus  
  19  1:20  Probe (Chrono Boost)  
  20  1:26  Pylon  
  20  1:30  Probe (Chrono Boost), Assimilator  
  21  1:35  Assimilator  
  21  1:41  Probe (Chrono Boost)  
  22  1:49  Cybernetics Core  
  22  1:51  Probe (Chrono Boost)  
  23  2:02  Probe (Chrono Boost)  
  24  2:13  Probe (Chrono Boost)  
  25  2:23  Probe (Chrono Boost)  
  25  2:26  Warp Gate  
  26  2:30  Probe (Chrono Boost), Robotics Facility  
  26  2:32  Adept (Chrono Boost)  
  26  2:33  Probe  
  30  2:38  Pylon  
  30  2:40  Probe  
  31  2:46  Probe  
  32  2:51  Probe (Chrono Boost)  
  32  2:54  Assimilator  
  32  2:58  Probe (Chrono Boost)  
  34  3:03  Probe (Chrono Boost)  
  35  3:08  Probe (Chrono Boost), Assimilator  
  36  3:17  Robotics Bay  
  36  3:18  Probe x2 (Chrono Boost)  
  38  3:23  Warp Prism (Chrono Boost)  
  40  3:29  Probe x2 (Chrono Boost)  
  42  3:38  Pylon  
  42  3:40  Probe (Chrono Boost)  
  42  3:41  Mothership Core (Chrono Boost)  
  45  3:47  Gateway  
  45  3:50  Gateway  
  45  3:51  Probe (Chrono Boost)  
  46  3:59  Probe  
  46  4:00  Probe  
  48  4:04  Disruptor (Chrono Boost)  
  48  4:07  Gravitic Drive  
  51  4:11  Probe x2  
  53  4:22  Pylon  
  53  4:23  Probe  
  54  4:25  Probe  
  55  4:32  Twilight Council  
  55  4:35  Disruptor (Chrono Boost)  
  58  4:40  Probe  
  59  4:49  Pylon  
  59  4:51  Probe  
  59  4:53  Probe  
  59  4:57  Adept x3  
  66  5:11  Probe x2  
  66  5:13  Observer (Chrono Boost)  
  68  5:17  Nexus  
  68  5:19  Pylon  
  69  5:23  Probe  
  69  5:24  Stalker x2  
  74  5:32  Probe  
  74  5:35  Probe  
  75  5:45  Probe  
  75  5:47  Probe, Pylon  
  77  5:50  Gateway  
  77  5:51  Gateway  
  77  5:53  Gateway  
  77  5:54  Stalker x2  
  82  5:57  Probe  
  82  6:05  Stalker  
  84  6:12  Gateway x2  
  84  6:17  Adept  
  84  6:18  Adept  
  82  6:33  Stalker  
  78  6:40  Pylon  
Show
View Real Time Build Order
Export as new Build Order

Armax Zerg 

Build Orders: 3 Hatch before Pool 

Get SALT Encoding   

  12  0:01  Drone  
  13  0:12  Overlord  
  13  0:17  Drone  
  14  0:23  Extractor  
  14  0:24  Drone  
  15  0:31  Drone  
  15  0:34  Drone  
  17  0:49  Drone  
  18  0:55  Hatchery  
  17  1:15  Hatchery  
  16  1:19  Drone  
  16  1:20  Extractor  
  16  1:32  Spawning Pool  
  16  1:36  Drone  
  16  1:39  Drone  
  17  1:44  Drone  
  18  1:47  Drone  
  19  1:59  Drone  
  20  2:11  Drone  
  20  2:12  Drone  
  22  2:23  Metabolic Boost  
  22  2:24  Queen  
  22  2:26  Zergling x2  
  25  2:31  Queen  
  25  2:33  Drone  
  25  2:35  Drone  
  29  2:39  Overlord  
  29  2:42  Drone  
  30  2:46  Drone  
  30  2:48  Drone x2  
  33  2:53  Drone  
  33  2:57  Overlord  
  33  2:58  Drone  
  35  3:04  Drone x3  
  38  3:07  Queen  
  38  3:12  Queen  
  42  3:19  Drone x3  
  45  3:22  Drone  
  45  3:23  Drone  
  46  3:27  Overlord  
  46  3:33  Drone x3, Roach Warren  
  48  3:38  Zergling x2  
  48  3:40  Overlord  
  48  3:41  Overlord  
  49  3:45  Lair  
  49  3:51  Zergling x8  
  49  3:55  Drone x2  
  55  3:57  Drone x2, Extractor  
  55  4:00  Drone, Extractor  
  56  4:05  Spine Crawler  
  56  4:06  Overlord  
  55  4:15  Roach x3  
  61  4:17  Overlord  
  61  4:20  Drone x2  
  61  4:22  Drone  
  64  4:25  Roach  
  64  4:29  Drone x3  
  64  4:30  Drone, Overlord  
  70  4:34  Roach  
  70  4:35  Roach  
  74  4:40  Overlord  
  74  4:42  Drone x2  
  74  4:44  Glial Reconstitution  
  74  4:45  Evolution Chamber  
  74  4:46  Drone  
  74  4:47  Drone  
  74  4:50  Overlord  
  76  4:54  Roach x3  
  82  5:00  Overlord  
  82  5:02  Zergling x2  
  82  5:03  Zergling x6  
  86  5:12  Roach  
  86  5:13  Roach x2  
  89  5:15  Overlord  
  89  5:17  Zergling x2  
  89  5:18  Zergling x6  
  93  5:21  Drone x2  
  93  5:22  Drone  
  96  5:32  Drone x5  
  91  5:38  Ravager x2  
  91  5:40  Overlord  
  92  5:49  Zergling x2  
  93  5:50  Zergling x14  
  93  5:55  Ravager  
  89  6:05  Ravager  
  63  6:27  Roach x6  
  63  6:28  Roach x3  
  63  6:30  Zergling x2  
  63  6:31  Zergling x12  
Tags
 
Add a new tag
Caveats
  • Supply blocks, unpowered buildings, or Contaminate may cause inaccurate times.
  • Supply counts are checked every 10 seconds.